 Dungeon Crawl Stone Soup version 0.21.1-1-g345015fe64 (webtiles) character file.

16 Kohma the Grasshopper (level 2, 0/15 HPs)
             Began as a Spriggan Warper on June 9, 2018.
             Slain by a bat (1 damage)
             ... on level 1 of the Dungeon.
             The game lasted 00:04:06 (753 turns).

Kohma the Grasshopper (Spriggan Warper)              Turns: 753, Time: 00:04:06

Health: 0/15       AC:  2    Str:  7    XL:     2   Next: 41%
Magic:  5/6        EV: 19    Int: 14    God:
Gold:   28         SH:  0    Dex: 15    Spells: 4/6 levels left

rFire    . . .     SeeInvis +   e - +0 dagger
rCold    . . .     Gourm    .   (shield restricted)
rNeg     . . .     Faith    .   b - +0 robe
rPois    .         Spirit   .   (helmet restricted)
rElec    .         Reflect  .   (no cloak)
rCorr    .         Harm     .   (gloves unavailable)
MR       .....                  (boots unavailable)
Stlth    +.........             (no amulet)
HPRegen  0.05/turn              (no ring)
MPRegen  0.10/turn              (no ring)

@: very quick
A: very small, unfitting armour, see invisible, herbivore, speed 3, slow
metabolism 2
a: no special abilities


You were on level 1 of the Dungeon.
You were not hungry.

You visited 1 branch of the dungeon, and saw 1 of its levels.

You collected 28 gold pieces.

Inventory:

Hand Weapons
 a - a +0 short sword
 e - a +0 dagger (weapon)
Armour
 b - a +0 robe (worn)
 g - a +0 robe
Scrolls
 d - a scroll of blinking
Books
 c - a book of Spatial Translocations

   Spells                             Type                      Level
   a - Blink                          Translocation                2
   b - Shroud of Golubria             Charms/Translocation         2
   c - Lesser Beckoning               Translocation                3
   d - Gell's Gravitas                Translocation                3
   e - Teleport Other                 Translocation                3
   f - Passage of Golubria            Translocation                4
Comestibles
 f - a ration


   Skills:
 - Level 1.7 Fighting
 + Level 2.6 Short Blades
 - Level 1.2 Throwing
 * Level 4.0 Dodging
 + Level 0.2 Stealth
 + Level 2.7 Spellcasting
 - Level 4.4 Translocations


You had 4 spell levels left.
You knew the following spells:

 Your Spells              Type           Power        Failure   Level  Hunger
a - Blink                 Tloc           N/A          5%          2    ###....


Dungeon Overview and Level Annotations

Branches:
Dungeon (1/15)

Altars:


Innate Abilities, Weirdness & Mutations

You are very small and have problems with some larger weapons.
You are too small for most types of armour.
You have supernaturally acute eyesight. (SInv)
You are a herbivore.
You cover ground extremely quickly.
You need consume almost no food.


Message History

The bat barely misses you.
An ooze and a kobold come into view.
The kobold shouts!
The bat misses you.
Found 10 gold pieces.
The bat completely misses you. The bat misses you.
You miss the bat. The bat closely misses you. The bat hits you.
* * * LOW HITPOINT WARNING * * *
The bat closely misses you. The bat hits you.
* * * LOW HITPOINT WARNING * * *
The bat completely misses you.
You see here 10 gold pieces.
The bat misses you. The bat misses you. The bat closely misses you.
The bat barely misses you. The bat hits you.
You die...

## ##.###.###.##.# ... #.
##.###.##.#
#.###.##...##.##.#########
#...#.#.....#............#
#...........####.#####...#
#.###.#......# #.#####...####
.###....#...## #.##?........#
###.....##### ###.##.........#
#......# ####b@............#
###.....# #.......####...##.#
.###..#.# #.#####.####...##ยง#
#.###.#.####.# ........##.#
#....#.#..$.# .#####g.##.#
##...##.#.##.# .......l##.#
.#.####.#..K.#####...####.##.#
...# #.#K.#.......#?# #.##.#
..## #.#..#####.###.####.##>#


You could see a bat.

Vanquished Creatures
  An ooze (D:1)
  A goblin (D:1)
  A hobgoblin (D:1)
  4 jackals (D:1)
  A kobold (D:1)
  A frilled lizard (D:1)
  2 rats (D:1)
11 creatures vanquished.

Notes
Turn   | Place    | Note
-------+----------+-------------------------------------------
     0 | D:1      | Kohma the Spriggan Warper began the quest for the Orb.
     0 | D:1      | Reached XP level 1. HP: 10/10 MP: 5/5
   190 | D:1      | Reached XP level 2. HP: 8/15 MP: 6/6
   352 | D:1      | Learned a level 2 spell: Blink
   753 | D:1      | Slain by a bat

Skill      XL: |  1  2 |
---------------+-------+-----
Dodging        | 4 |  4.0
Fighting       | |  1.7
Short Blades   | |  2.6
Throwing       | |  1.2
Stealth        | |  0.2
Spellcasting   | |  2.7
Translocations | |  4.4

Action                   || total
-------------------------++-------
Melee: Short sword       ||    37
       Dagger            ||    63
Throw: Tomahawk          ||     5
 Cast: Blink             ||     2
Armor: Robe              ||     8
Dodge: Dodged            ||   112
